[Event "Team 45 45 League T63"]
[Site "Internet Chess Club"]
[Date "2014.12.28"]
[Round "5"]
[White "RamRock"]
[Black "gtmorton"]
[Result "0-1"]
[WhiteElo "1683"]
[BlackElo "1914"]
[Opening "Scandinavian (center counter) defense"]
[ECO "B01"]
[Time "19:07:43"]
[TimeControl "2700+45"]

1. e4 d5 2. exd5 Qxd5 3. Nc3 Qa5 4. d4 Nf6 5. Nf3 c6 6. Be2 Bf5 7. O-O e6 8. Bd2
Nbd7 9. Re1 Qc7 10. Rc1 Bd6 11. a3 h6 12. b4 O-O 13. Be3 b5 14. Bd3 Bxd3 15.
Qxd3 a5 16. Na2 axb4 17. Nxb4 Bxb4 18. axb4 Nd5 19. Bd2 Ra4 20. c4 bxc4 21. Qxc4
Ne7 22. Ne5 Nxe5 23. Rxe5 Rfa8 24. g3 Ra2 25. Bf4 Qb7 26. Rc5 Rb2 27. Ra5 Rd8
28. Ra4 Qb5 29. Qxb5 cxb5 30. Ra7 Nd5 31. Be3 Rxb4 32. Rb7 Rb3 33. Bd2 Ra8 34.
Rc5 Ra2 35. Be3 Nxe3 36. fxe3 Rb1+ 37. Rc1 Rxc1# {White checkmated} 0-1

[Event "Team 45 45 League T63"]
[Site "Internet Chess Club"]
[Date "2014.12.31"]
[Round "5"]
[White "freakypawn"]
[Black "Timotheous"]
[Result "1-0"]
[WhiteElo "1801"]
[BlackElo "1829"]
[Opening "Benkö gambit half accepted"]
[ECO "A57"]
[Time "10:00:26"]
[TimeControl "2700+45"]

1. d4 Nf6 2. c4 c5 3. d5 b5 4. cxb5 a6 5. b6 Qxb6 6. Nc3 g6 7. e4 d6 8. Nf3 Nbd7
9. Be2 Bg7 10. O-O O-O 11. Nd2 Ne8 12. Nc4 Qa7 13. Bf4 Nc7 14. a4 Rb8 15. Qd2
Nb6 16. Ne3 a5 17. Rab1 Ba6 18. Bxa6 Qxa6 19. b3 Qb7 20. Bg5 Rfe8 21. f4 Bd4 22.
Kh1 Bxc3 23. Qxc3 Nxa4 24. Qxa5 Nb6 25. Qd2 Kg7 26. f5 f6 27. Qb2 h6 28. Bf4 g5
29. Bg3 Nd7 30. Nc4 Qb5 31. Qe2 Rh8 32. Qh5 Nf8 33. Kg1 Qe8 34. Qxe8 Nxe8 35.
Na5 Rb5 36. Nc6 Rb7 37. Rfc1 Kg8 38. b4 cxb4 39. Nxb4 Rh7 40. Nc6 Rxb1 41. Rxb1
Nd7 42. Kf2 Nc5 43. Ke3 Rf7 44. Rb8 Kf8 45. Nd8 Rh7 46. Be1 Nd7 47. Ne6+ Kf7 48.
Rb7 Ne5 49. h3 h5 50. Nd4 Nc4+ 51. Ke2 Ne5 52. Nc6 Kf8 53. Ba5 Rf7 54. Bd8 e6
55. Rxf7+ Kxf7 56. fxe6+ Kf8 57. Nxe5 fxe5 58. Bxg5 {Black resigns} 1-0

[Event "Team 45 45 League T63"]
[Site "Internet Chess Club"]
[Date "2015.01.04"]
[Round "5"]
[White "hewdondada"]
[Black "Cronan"]
[Result "1-0"]
[WhiteElo "1772"]
[BlackElo "1646"]
[Opening "QGD: exchange, positional line, 5...c6"]
[ECO "D35"]
[Time "14:01:20"]
[TimeControl "2700+45"]

1. d4 d5 2. c4 e6 3. Nc3 Nf6 4. cxd5 exd5 5. Bg5 c6 6. Nf3 Nbd7 7. e3 Be7 8. Bd3
O-O 9. O-O Re8 10. Qc2 Nf8 11. Bxf6 Bxf6 12. b4 a6 13. Na4 Bg4 14. Nd2 Be7 15.
Rab1 Bd6 16. Nc5 Rb8 17. a3 Qh4 18. g3 Qh3 19. Rfe1 Ng6 20. Bf1 Qh5 21. Rbc1 Bh3
22. Qd1 Bg4 23. Be2 Bxe2 24. Qxe2 Qh3 25. Qf1 Qh5 26. Qg2 Nf8 27. Rc2 Ne6 28.
Ndb3 Ng5 29. Nd2 Ne6 30. Nxe6 Rxe6 31. Nb3 Qf5 32. Rc3 Bc7 33. Rec1 h5 34. Nc5
Rg6 35. e4 dxe4 36. Qxe4 Qxe4 37. Nxe4 Bb6 38. Nc5 Bxc5 39. dxc5 Rd8 40. Re3 Kf8
41. Rce1 Re6 42. Rxe6 fxe6 43. Rxe6 Kf7 44. Re3 Rd5 45. Kg2 {Black resigns} 1-0

[Event "Team 45 45 League T63"]
[Site "Internet Chess Club"]
[Date "2014.12.30"]
[Round "5"]
[White "tightfist"]
[Black "OGO"]
[Result "0-1"]
[WhiteElo "1607"]
[BlackElo "1589"]
[Opening "Dunst (Sleipner, Heinrichsen) opening"]
[ECO "A00"]
[Time "22:08:51"]
[TimeControl "2700+45"]

1. Nc3 Nc6 2. d4 d5 3. Nf3 g6 4. Bf4 a6 5. e3 Bg7 6. h3 Nf6 7. Bd3 O-O 8. O-O b6
9. a3 Bb7 10. b4 e6 11. b5 Na5 12. Qe2 Qc8 13. bxa6 Bxa6 14. Nb5 Bxb5 15. Bxb5
c6 16. Bd3 c5 17. dxc5 bxc5 18. c4 Re8 19. Ra2 Nd7 20. cxd5 exd5 21. Bb5 c4 22.
Qc2 Re6 23. Nd4 Rb6 24. Rb1 Ne5 25. a4 Nd3 26. Qd2 Nxf4 27. exf4 Qc5 28. Nf3 d4
29. Qb4 Qxb4 30. Rxb4 Rab8 31. Ne5 Bxe5 32. fxe5 Rc8 33. Rab2 c3 34. Rb1 Nc6 35.
Rc4 Rbb8 36. f4 Kf8 37. Rc1 Na7 38. Rxd4 Nxb5 39. axb5 Rxb5 40. Rd3 c2 41. Ra3
Rb1 42. Ra1 Rxa1 43. Rxa1 c1=Q+ 44. Rxc1 Rxc1+ 45. Kh2 Ke7 46. h4 Ke6 47. Kh3 h5
48. Kg3 Kf5 49. Kf3 Rc3+ 50. Kf2 Kxf4 51. e6 Rc2+ 52. Kf1 fxe6 53. g4 Kf3 54.
Ke1 Rh2 55. gxh5 gxh5 56. Kd1 Ke3 57. Kc1 Kd3 58. Kb1 Kc3 59. Ka1 Kb3 60. Kb1
Rh1# {White checkmated} 0-1

[Event "Team 45 45 League T63"]
[Site "Internet Chess Club"]
[Date "2014.12.29"]
[Round "5"]
[White "lacibacsi"]
[Black "LazyPeon"]
[Result "1-0"]
[WhiteElo "2023"]
[BlackElo "1747"]
[Opening "Sicilian: closed"]
[ECO "B24"]
[Time "15:30:18"]
[TimeControl "2700+45"]

1. e4 c5 2. Nc3 Nc6 3. g3 g6 4. Bg2 Bg7 5. d3 e6 6. Be3 Nge7 7. Bxc5 Qa5 8. d4
d6 9. Bxd6 Nxd4 10. Nf3 Nb5 11. O-O Nxc3 12. bxc3 Qxc3 13. Rb1 b6 14. Rb3 Qc6
15. Ne5 Bxe5 16. Bxe5 O-O 17. Bf6 Qd7 18. Qc1 {Black resigns} 1-0

[Event "Team 45 45 League T63"]
[Site "Internet Chess Club"]
[Date "2014.12.25"]
[Round "5"]
[White "GivePeasAChance"]
[Black "Tobiasdelmonte"]
[Result "1-0"]
[WhiteElo "1826"]
[BlackElo "1805"]
[Opening "English, 1...Nf6 (Anglo-Indian defense)"]
[ECO "A15"]
[Time "22:01:38"]
[TimeControl "2700+45"]

1. c4 Nf6 2. g3 e5 3. Bg2 Bc5 4. Nc3 O-O 5. a3 c6 6. e3 d5 7. d4 exd4 8. exd4
Bg4 9. Nge2 Bd6 10. c5 Bc7 11. O-O Re8 12. f3 Bf5 13. Bg5 h6 14. Bf4 Nbd7 15.
Qd2 Kh7 16. g4 Bg6 17. Bxc7 Qxc7 18. Nf4 b6 19. b4 a5 20. h4 axb4 21. axb4 h5
22. Nxg6 fxg6 23. g5 Rxa1 24. Rxa1 Ng8 25. Ne2 Rf8 26. Qe3 Rf7 27. Ra8 Re7 28.
Qd2 Qb7 29. Ra3 bxc5 30. bxc5 Qb1+ 31. Kf2 Rf7 32. Bh3 Qh1 33. Kg3 Nf8 34. Qc1
Qxc1 35. Nxc1 Re7 36. Nd3 Ne6 37. Bxe6 Rxe6 38. Ne5 Ne7 39. Ra8 Nf5+ 40. Kf2 Re7
41. Nxc6 Rc7 42. Ne5 Nxd4 43. Ke3 Nf5+ 44. Kd3 Re7 45. f4 Rc7 46. Rf8 Ne7 47.
Nf7 Ng8 48. Kd4 Rd7 49. c6 Ra7 50. Kxd5 Ra4 51. c7 Ne7+ 52. Kc5 Ra5+ 53. Kb6
{Black resigns} 1-0

[Event "Team 45 45 League T63"]
[Site "Internet Chess Club"]
[Date "2015.01.03"]
[Round "5"]
[White "FourKnights"]
[Black "chessjav"]
[Result "0-1"]
[WhiteElo "1803"]
[BlackElo "1905"]
[Opening "Grünfeld: exchange, Spassky variation"]
[ECO "D87"]
[Time "16:29:09"]
[TimeControl "2700+45"]

1. d4 Nf6 2. c4 g6 3. Nc3 d5 4. cxd5 Nxd5 5. e4 Nxc3 6. bxc3 Bg7 7. Bc4 c5 8.
Ne2 O-O 9. O-O Nc6 10. Be3 Qc7 11. Rc1 Rd8 12. Qc2 e6 13. Rfd1 b6 14. Bd3 Na5
15. dxc5 Bb7 16. cxb6 axb6 17. Rb1 Nc4 18. Bxc4 Rxd1+ 19. Rxd1 Qxc4 20. f3 h5
21. a4 Bc6 22. Qd3 Qxa4 23. Bxb6 Bb5 24. Qd2 Qa6 25. Nd4 Qxb6 26. Rb1 Qc5 27.
Rxb5 Bxd4+ 28. Qxd4 Qxb5 29. c4 Qb1+ 30. Kf2 Ra2+ 31. Kg3 Qe1+ 32. Kh3 Qd2 33.
Qg1 g5 34. c5 g4+ {White forfeits on time} 0-1

[Event "Team 45 45 League T63"]
[Site "Internet Chess Club"]
[Date "2014.12.31"]
[Round "5"]
[White "mattp108"]
[Black "amicusUK"]
[Result "1/2-1/2"]
[WhiteElo "1684"]
[BlackElo "1674"]
[Opening "English: Mikenas-Carls, Kevitz variation"]
[ECO "A18"]
[Time "14:04:50"]
[TimeControl "2700+45"]

1. c4 Nf6 2. Nc3 e6 3. e4 Nc6 4. d4 Bb4 5. e5 Ne4 6. Qd3 d5 7. exd6 Nxd6 8. Nf3
Nf5 9. a3 Bxc3+ 10. bxc3 b6 11. Be2 Ba6 12. Qc2 Na5 13. Qa4+ Qd7 14. Qb4 Nc6 15.
Qa4 Na5 16. Qb4 Nc6 17. Qb1 Na5 18. Qb4 Nc6 {Game drawn by repetition} 1/2-1/2

[Event "Team 45 45 League T63"]
[Site "Internet Chess Club"]
[Date "2014.12.26"]
[Round "5"]
[White "nikenwidiartto"]
[Black "primerpaso"]
[Result "1-0"]
[WhiteElo "1928"]
[BlackElo "1886"]
[Opening "Sicilian: Grand Prix attack"]
[ECO "B23"]
[Time "18:31:12"]
[TimeControl "2700+45"]

1. e4 c5 2. Nc3 Nc6 3. f4 g6 4. Nf3 Bg7 5. Bb5 Nd4 6. O-O e6 7. d3 Ne7 8. Nxd4
cxd4 9. Ne2 O-O 10. Qe1 d6 11. Qf2 Nc6 12. Bxc6 bxc6 13. Nxd4 c5 14. Ne2 Rb8 15.
Rb1 a5 16. Ng3 Bd4 17. Be3 Rxb2 18. Bxd4 Rxb1 19. Rxb1 cxd4 20. Qxd4 Qc7 21. c4
e5 22. Qe3 exf4 23. Qxf4 Qc5+ 24. Qf2 Qa3 25. Qd2 Be6 26. Rb3 Qc5+ 27. Qf2 Qc6
28. Rb5 a4 29. Qf6 Rc8 30. h4 Qc7 31. Ne2 Bg4 32. Nf4 Qa7+ 33. Kh2 h5 34. Nd5
Re8 35. Qxd6 Qf2 36. Qf6 Qa7 37. Qb6 Qa8 38. Nf6+ {Black resigns} 1-0

[Event "Team 45 45 League T63"]
[Site "Internet Chess Club"]
[Date "2014.12.29"]
[Round "5"]
[White "Heian"]
[Black "OperaDude94"]
[Result "1-0"]
[WhiteElo "1779"]
[BlackElo "1693"]
[Opening "French: advance, Milner-Barry gambit"]
[ECO "C02"]
[Time "18:00:23"]
[TimeControl "2700+45"]

1. e4 e6 2. d4 d5 3. e5 c5 4. c3 Nc6 5. Nf3 Qb6 6. Bd3 Bd7 7. Bc2 Nh6 8. O-O
cxd4 9. cxd4 Nf5 10. Bxf5 exf5 11. Nc3 Be6 12. a3 Be7 13. b4 O-O 14. Be3 Qc7 15.
Rc1 Qd7 16. h4 f6 17. exf6 Bxf6 18. Re1 Bf7 19. g3 Bh5 20. Kg2 Rae8 21. Qb3
Bxf3+ 22. Kxf3 Nxd4+ 23. Bxd4 Bxd4 24. Qxd5+ Qxd5+ 25. Nxd5 Bb2 26. Rxe8 Rxe8
27. Rc7 Bxa3 28. Rxb7 Re4 29. Ne7+ Kf8 30. Nxf5 Rxb4 31. Rxa7 Bb2 32. Nd6 Rb6
33. Ra8+ Ke7 34. Nc8+ {Black resigns} 1-0

[Event "Team 45 45 League T63"]
[Site "Internet Chess Club"]
[Date "2014.12.28"]
[Round "5"]
[White "Schachteufel"]
[Black "Portola"]
[Result "0-1"]
[WhiteElo "1694"]
[BlackElo "1822"]
[Opening "French: Tarrasch"]
[ECO "C03"]
[Time "09:22:22"]
[TimeControl "2700+45"]

1. e4 e6 2. d4 d5 3. Nd2 dxe4 4. Nxe4 Be7 5. Nf3 Nd7 6. Bd3 Ngf6 7. O-O O-O 8.
Re1 b6 9. Ne5 Bb7 10. Ng5 Qe8 11. Nexf7 Rxf7 12. Nxe6 Qc8 13. Ng5 Bd6 14. Nxf7
Kxf7 15. Bg5 Kg8 16. c3 Qf8 17. h3 Kh8 18. Qa4 Qf7 19. Qb3 Qh5 20. Bxf6 Nxf6 21.
Qc2 Qg5 22. Bf1 Qf4 23. g3 Qf3 24. d5 Bxd5 {White resigns} 0-1

[Event "Team 45 45 League T63"]
[Site "Internet Chess Club"]
[Date "2014.12.27"]
[Round "5"]
[White "kabindra"]
[Black "pokerram"]
[Result "1-0"]
[WhiteElo "1782"]
[BlackElo "1603"]
[Opening "Sicilian: Smith-Morra gambit"]
[ECO "B21"]
[Time "20:00:25"]
[TimeControl "2700+45"]

1. e4 c5 2. d4 cxd4 3. c3 dxc3 4. Nxc3 e6 5. Bf4 a6 6. Nf3 d6 7. Bc4 b5 8. Bb3
Bb7 9. Qe2 Nf6 10. Bc2 Nc6 11. a3 Be7 12. O-O Nh5 13. Be3 Nf6 14. Rfd1 Qc7 15.
Rac1 Ng4 16. Bf4 Nge5 17. Bb3 Qb8 18. Ng5 Bxg5 19. Bxg5 O-O 20. Be3 Na5 21. Ba2
Nec4 22. Bf4 e5 23. Bg5 f6 24. Bh4 Rd8 25. b4 Nc6 26. Bxc4+ bxc4 27. Qxc4+ Kf8
28. f4 Nd4 29. fxe5 dxe5 30. Bg3 Qc8 31. Qf1 Qb8 32. Kh1 Kg8 33. Qc4+ Kh8 34.
Bf2 Qc8 35. Qf7 Rd7 36. Qa2 Qd8 37. Re1 h6 38. Na4 Rc8 39. Nc5 Rdc7 40. Rcd1 Bc6
41. Bxd4 exd4 42. Nxa6 Re7 43. Nc5 Qe8 44. Rxd4 f5 45. Qe2 fxe4 46. h3 e3 47. a4
Ba8 48. Rg4 Rd8 49. Rg3 Qc6 50. Qg4 Rd2 51. Re2 Rd1+ 52. Kh2 Rf7 53. Rexe3 g5
54. Qh5 Rd2 55. Re2 Rxe2 56. Qxe2 Qd6 57. Qd3 Qc7 58. Qg6 Rf2 59. Qxh6+ Qh7 60.
Qxg5 Rxg2+ 61. Rxg2 Bxg2 62. Qd8+ {Black resigns} 1-0

[Event "Team 45 45 League T63"]
[Site "Internet Chess Club"]
[Date "2014.12.28"]
[Round "5"]
[White "TillyChess"]
[Black "CogitoErgoSum"]
[Result "1-0"]
[WhiteElo "2047"]
[BlackElo "1893"]
[Opening "Sicilian: Grand Prix attack"]
[ECO "B23"]
[Time "13:02:37"]
[TimeControl "2700+45"]

1. e4 c5 2. Nc3 Nc6 3. f4 g6 4. Nf3 Bg7 5. Bb5 Nd4 6. O-O Nxb5 7. Nxb5 d5 8.
exd5 Nf6 9. d6 exd6 10. Qe2+ Kf8 11. Kh1 a6 12. Nc3 Bd7 13. d4 Bc6 14. dxc5 dxc5
15. Ne5 Qc7 16. Be3 b6 17. Rad1 Bb7 18. Qc4 b5 19. Qxc5+ Qxc5 20. Bxc5+ Kg8 21.
Be7 Re8 22. Bb4 Bc8 23. h3 Nh5 24. Kh2 Bxe5 25. fxe5 Rxe5 26. Rd8+ Kg7 27. Rxf7+
Kxf7 28. Rxh8 Bb7 29. Rxh7+ Ng7 30. Rh8 Re8 31. Rh4 Nf5 32. Rf4 Ke6 33. Rf2 Kd7
34. Rd2+ Kc8 35. Nd5 Bc6 36. Ba5 Kb7 37. Nb4 Ne3 38. Rf2 Bxg2 39. Rf7+ Ka8 40.
Nxa6 Re5 41. Bb6 Bb7 42. Rf8+ {Black resigns} 1-0

[Event "Team 45 45 League T63"]
[Site "Internet Chess Club"]
[Date "2014.12.27"]
[Round "5"]
[White "CodeSquad"]
[Black "elmaestro"]
[Result "1-0"]
[WhiteElo "1813"]
[BlackElo "1789"]
[Opening "Sicilian: dragon, Yugoslav attack, 10.O-O-O"]
[ECO "B78"]
[Time "19:07:25"]
[TimeControl "2700+45"]

1. e4 c5 2. Nf3 d6 3. d4 cxd4 4. Nxd4 Nf6 5. Nc3 g6 6. Be3 Bg7 7. f3 O-O 8. Bc4
Nc6 9. Qd2 Bd7 10. O-O-O Rb8 11. g4 b5 12. Bb3 Na5 13. h4 Nc4 14. Bxc4 bxc4 15.
h5 Bxg4 16. fxg4 Nxg4 17. Nc6 Qc7 18. Nxb8 Rxb8 19. Bd4 Qb7 20. Rdg1 Bh6 21.
Rxg4 Bxd2+ 22. Kxd2 e5 23. Be3 f5 24. Rg2 f4 25. Bf2 d5 26. hxg6 dxe4 27. gxh7+
Kh8 28. Bh4 e3+ 29. Ke1 Qc6 30. Nd5 Rf8 31. Bf6+ Rxf6 32. Rg8# {Black
checkmated} 1-0

[Event "Team 45 45 League T63"]
[Site "Internet Chess Club"]
[Date "2015.01.03"]
[Round "5"]
[White "pishd"]
[Black "bobhill"]
[Result "1/2-1/2"]
[WhiteElo "1768"]
[BlackElo "1929"]
[Opening "Queen's pawn game"]
[ECO "D04"]
[Time "10:03:17"]
[TimeControl "2700+45"]

1. d4 d5 2. Nf3 Nf6 3. e3 g6 4. Nbd2 Bg7 5. b4 O-O 6. Bb2 Bg4 7. Be2 c6 8. O-O
a5 9. a3 Nbd7 10. h3 Be6 11. c4 axb4 12. axb4 dxc4 13. Nxc4 Nd5 14. Qd2 Qc7 15.
Ng5 N7f6 16. Nxe6 fxe6 17. Bf3 Rfd8 18. Rxa8 Rxa8 19. Ra1 Rxa1+ 20. Bxa1 Ne8 21.
Qb2 Nd6 22. Qb3 Kf7 23. Bb2 Nxc4 24. Qxc4 Qd6 25. Ba3 Bh6 26. Qb3 {Game drawn by
mutual agreement} 1/2-1/2

[Event "Team 45 45 League T63"]
[Site "Internet Chess Club"]
[Date "2014.12.28"]
[Round "5"]
[White "misuc56"]
[Black "Bleddyn"]
[Result "1-0"]
[WhiteElo "1882"]
[BlackElo "1655"]
[Opening "Budapest defense declined"]
[ECO "A51"]
[Time "11:02:18"]
[TimeControl "2700+45"]

1. d4 Nf6 2. c4 e5 3. e3 exd4 4. exd4 d5 5. Nf3 Be7 6. h3 O-O 7. Nc3 Re8 8. Be3
Nc6 9. Be2 Be6 10. c5 a6 11. O-O Ne4 12. Rc1 Bf5 13. a3 h5 14. b4 Nxc3 15. Rxc3
Bf6 16. Bd3 Be4 17. Be2 Ne7 18. Nh2 Bg6 19. Bxh5 Bxh5 20. Qxh5 g6 21. Qd1 Nf5
22. Ng4 Bg7 23. Rd3 c6 24. Re1 Re4 25. f3 Nxe3 26. Nxe3 Re6 27. Ng4 Rxe1+ 28.
Qxe1 Qd7 29. Qd1 Re8 30. Qd2 f5 31. Nh2 Qc7 32. Re3 Rf8 33. Re6 Kf7 34. Re2 Qg3
35. Nf1 Qc7 36. Qe3 Bf6 37. g3 Qb8 38. Kf2 Re8 39. Qxe8+ Qxe8 40. Rxe8 Kxe8 41.
Ke3 g5 42. Nd2 Kf7 43. f4 gxf4+ 44. gxf4 Kg6 45. Nf3 Kh5 46. a4 Bd8 47. Kf2 Bc7
48. Ke3 Bd8 49. a5 Bh4 50. Ne5 Be1 51. Nd3 Bg3 52. Kf3 Kh4 53. Kg2 {Black
resigns} 1-0

[Event "Team 45 45 League T63"]
[Site "Internet Chess Club"]
[Date "2015.01.05"]
[Round "5"]
[White "nilobasenji"]
[Black "Agarnez"]
[Result "1-0"]
[WhiteElo "1909"]
[BlackElo "1938"]
[Opening "King's Indian: Petrosian system, Stein variation"]
[ECO "E92"]
[Time "17:02:06"]
[TimeControl "2700+45"]

1. d4 Nf6 2. c4 g6 3. Nc3 Bg7 4. Nf3 d6 5. e4 O-O 6. Be2 e5 7. d5 a5 8. O-O Na6
9. Bg5 h6 10. Bh4 Bd7 11. a3 g5 12. Bg3 a4 13. Nd2 Nc5 14. f3 Nh5 15. Bf2 Nf4
16. b4 axb3 17. Nxb3 Na4 18. Nxa4 Bxa4 19. Bd3 b6 20. Bc2 Qd7 21. Be3 Ra7 22.
Re1 Rfa8 23. g3 Nh3+ 24. Kg2 Bxb3 25. Bxb3 Rxa3 26. Rxa3 Rxa3 27. Qb1 g4 28.
fxg4 Qxg4 29. Bd1 Qd7 30. Qc1 Ra2+ 31. Re2 Rxe2+ 32. Bxe2 Kh7 33. Qd1 Ng5 34.
Bg4 Qe7 35. h4 Ne6 36. dxe6 fxe6 37. Qf1 Bf6 38. Bh5 Qg7 39. Kh3 Qe7 40. Qf3 Qg7
41. Qg4 {Black resigns} 1-0

[Event "Team 45 45 League T63"]
[Site "Internet Chess Club"]
[Date "2015.01.03"]
[Round "5"]
[White "harishbn"]
[Black "Signalman"]
[Result "1-0"]
[WhiteElo "1880"]
[BlackElo "1778"]
[Opening "Réti: King's Indian attack, French variation"]
[ECO "C00"]
[Time "10:12:29"]
[TimeControl "2700+45"]

1. e4 e6 2. d3 d5 3. Nd2 c5 4. Ngf3 Be7 5. g3 Nf6 6. Bg2 O-O 7. O-O Nc6 8. Re1
b5 9. e5 Ne8 10. Nf1 a5 11. h4 b4 12. N1h2 a4 13. a3 bxa3 14. bxa3 Rb8 15. Ng5
f6 16. exf6 Rxf6 17. Qh5 h6 18. Ng4 hxg5 19. hxg5 Rf5 20. Qg6 Kf8 21. Bf4 Rb2
22. Ne3 Rxg5 23. Bxg5 Bxg5 24. Bxd5 exd5 25. Qxc6 Bxe3 26. Rxe3 Rxc2 27. Qxa4
Rc3 28. Rae1 Nf6 29. Qa7 Bd7 30. a4 Kg8 31. Rb1 Ng4 32. Re2 Kh7 33. f3 Nf6 34.
Rb8 Rc1+ 35. Kg2 Bc8 36. Qa8 c4 37. Rxc8 cxd3 38. Rxd8 dxe2 39. Rh8+ Kg6 40. Re8
e1=Q 41. Rxe1 Rxe1 42. a5 Ra1 43. a6 d4 44. Kf2 Ra2+ 45. Ke1 d3 46. a7 Ra1+ 47.
Kd2 Ra3 48. Qb7 Kh7 49. a8=Q Rxa8 {Black resigns} 1-0

[Event "Team 45 45 League T63"]
[Site "Internet Chess Club"]
[Date "2014.12.27"]
[Round "5"]
[White "WillC"]
[Black "wildkingdumb4"]
[Result "0-1"]
[WhiteElo "1724"]
[BlackElo "1746"]
[Opening "Grünfeld: 4.Bf4"]
[ECO "D82"]
[Time "18:00:42"]
[TimeControl "2700+45"]

1. d4 Nf6 2. c4 g6 3. Nc3 d5 4. Bf4 Bg7 5. e3 c5 6. Nf3 Nc6 7. Be2 O-O 8. O-O a6
9. a3 cxd4 10. exd4 dxc4 11. Bxc4 b5 12. Be2 Nd5 13. Nxd5 Qxd5 14. Ne5 Nxd4 15.
Nf3 Nxe2+ 16. Qxe2 Bg4 17. Rfd1 Bxf3 18. gxf3 Qc4 19. Qd2 Rfe8 20. Kg2 e5 21.
Be3 e4 22. f4 Qe6 23. Rac1 Rac8 24. Qb4 Rc4 25. Qd2 Bf6 26. Rc2 Rxc2 27. Qxc2
Rc8 28. Qe2 Qc4 29. Qxc4 Rxc4 30. b3 Rc3 31. Rd6 Kg7 32. Rxa6 Rxb3 33. Bc5 Bb2
34. Rb6 Bxa3 35. Bxa3 Rxa3 36. Rxb5 Rf3 37. Re5 Rxf4 38. Kg3 Rf3+ 39. Kg2 f5 40.
Rc5 h5 41. Rc6 Rb3 42. Re6 Kf7 43. Re5 Kf6 44. Re8 Rb6 45. h4 Re6 46. Rb8 f4 47.
Rf8+ Ke5 48. Rb8 Kf5 49. Kh3 e3 50. Rf8+ Ke4 51. fxe3 fxe3 52. Kg3 Kd3 53. Kf3
e2 54. Rd8+ Kc4 55. Rc8+ Kd5 56. Rd8+ Kc6 {White resigns} 0-1

[Event "Team 45 45 League T63"]
[Site "Internet Chess Club"]
[Date "2014.12.28"]
[Round "5"]
[White "Innes"]
[Black "bondguy01"]
[Result "0-1"]
[WhiteElo "1535"]
[BlackElo "1767"]
[Opening "English: symmetrical, Botvinnik system"]
[ECO "A36"]
[Time "17:02:32"]
[TimeControl "2700+45"]

1. c4 c5 2. g3 g6 3. Bg2 Bg7 4. Nc3 Nc6 5. e4 e6 6. Nf3 d6 7. d3 Nge7 8. O-O O-O
9. Bg5 h6 10. Bf4 e5 11. Be3 a6 12. Qc1 Kh7 13. Nd2 Nd4 14. Bxd4 cxd4 15. Ne2
Rb8 16. f4 f5 17. exf5 Nxf5 18. Be4 Ne3 19. Rf2 Bh3 20. fxe5 Rxf2 21. Kxf2 Qf8+
22. Nf3 dxe5 23. b4 Qf6 24. Rb1 Bf5 25. b5 Bxe4 26. dxe4 axb5 27. Rxb5 g5 28. h3
g4 29. hxg4 Nxg4+ 30. Kg2 Ne3+ 31. Kf2 Rf8 32. Ng1 Qc6 33. Ke2 Qxe4 34. Qb1 Nc2+
35. Kd2 d3 36. Rxb7 Rxf3 37. Nxf3 Qxf3 38. Rd7 e4 39. Rxg7+ Kxg7 40. Qb7+ Kf6
41. Qc6+ Kg5 42. Qd5+ Kg4 43. Qe6+ Kxg3 44. Qxh6 Qf2+ 45. Kc3 Qd4+ 46. Kb3 Kf3
47. Qh3+ Ke2 48. Qh5+ Kd2 49. Qh2+ Kd1 50. Qh1+ Ne1 51. Qh5+ Nf3 52. Qh1+ Qg1
53. Qh7 Qf2 54. Qxe4 Nd2+ {White resigns} 0-1

[Event "Team 45 45 League T63"]
[Site "Internet Chess Club"]
[Date "2014.12.29"]
[Round "5"]
[White "achessman"]
[Black "RubberDuck"]
[Result "1-0"]
[WhiteElo "2007"]
[BlackElo "1926"]
[Opening "Sicilian defense"]
[ECO "B20"]
[Time "09:11:29"]
[TimeControl "2700+45"]

1. e4 c5 2. b3 Nc6 3. Bb2 d5 4. exd5 Qxd5 5. Nc3 Qd8 6. Ne4 b6 7. g3 Bb7 8. Bg2
Nf6 9. d3 g6 10. Nxf6+ exf6 11. Qe2+ Qe7 12. Bxf6 Qxe2+ 13. Nxe2 Rg8 14. O-O Be7
15. Bxe7 Kxe7 16. Rfe1 Kd7 17. d4 cxd4 18. Rad1 Rge8 19. c3 Rad8 20. Nxd4 Rxe1+
21. Rxe1 Nxd4 22. Bxb7 Ne6 23. Rd1+ Kc7 24. Rxd8 Nxd8 25. Bg2 Kd6 26. Kf1 Ne6
27. Ke2 g5 28. Be4 h6 29. h3 Ke5 30. Bc6 a5 31. Kd3 Kd6 32. Be8 f5 33. Bg6 Ke5
34. Kc4 Nc7 35. b4 axb4 36. cxb4 f4 37. a4 fxg3 38. fxg3 Kd6 39. Bf7 Kc6 40. Kd4
Kd6 41. Bc4 Kc6 42. Ke5 {Black resigns} 1-0

[Event "Team 45 45 League T63"]
[Site "Internet Chess Club"]
[Date "2014.12.28"]
[Round "5"]
[White "fledermaus"]
[Black "CaoCao"]
[Result "1/2-1/2"]
[WhiteElo "1858"]
[BlackElo "1922"]
[Opening "Benoni: classical with e4 and Nf3"]
[ECO "A70"]
[Time "16:10:21"]
[TimeControl "2700+45"]

1. d4 Nf6 2. c4 c5 3. d5 e6 4. Nc3 exd5 5. cxd5 d6 6. e4 g6 7. Nf3 Bg7 8. Bd3
Bg4 9. Qa4+ Bd7 10. Qb3 b6 11. Bf4 Qe7 12. O-O O-O 13. a4 Nh5 14. Bg5 Bf6 15.
Be3 Bc8 16. Nd2 Nd7 17. Rfe1 Bd4 18. Nc4 Bxe3 19. Rxe3 Nf4 20. Bf1 Ba6 21. Nb5
Bxb5 22. axb5 g5 23. Qc2 Rfb8 24. Rea3 Rb7 25. g3 Ng6 26. Bh3 Nde5 27. Ne3 Nf3+
28. Kg2 Nd4 29. Qd3 Ne5 30. Qf1 g4 31. Bxg4 Nxg4 32. Nxg4 Qxe4+ 33. f3 Qc2+ 34.
Kh1 f5 35. Ne3 Qxb2 36. Nc4 Qxb5 37. Nxd6 Qxf1+ 38. Rxf1 Rd7 39. Nc4 Re8 40. f4
Re2 41. Ne5 Rxd5 42. Rxa7 Rd8 43. Rfa1 Nc2 44. Ra8 Rxa8 45. Rxa8+ Kg7 46. Ra7+
Kg8 47. Ra8+ Kg7 48. Ra7+ Kg8 49. Ra8+ {Game drawn by repetition} 1/2-1/2

[Event "Team 45 45 League T63"]
[Site "Internet Chess Club"]
[Date "2014.12.29"]
[Round "5"]
[White "ghostfire"]
[Black "parrot9"]
[Result "1/2-1/2"]
[WhiteElo "1722"]
[BlackElo "1649"]
[Opening "Sicilian: Scheveningen (Paulsen), classical variation"]
[ECO "B84"]
[Time "15:00:33"]
[TimeControl "2700+45"]

1. e4 c5 2. Nf3 d6 3. d4 cxd4 4. Nxd4 Nf6 5. Nc3 a6 6. Be2 e6 7. O-O Qc7 8. Kh1
Be7 9. f4 Nbd7 10. Qe1 O-O 11. Qg3 Rd8 12. f5 e5 13. Nf3 b5 14. a3 Bb7 15. Bd3
Nc5 16. Bh6 Bf8 17. Bg5 Be7 18. Rac1 Ncxe4 19. Nxe4 Nxe4 20. Bxe4 Bxe4 21. f6
Bf8 22. fxg7 Be7 23. Qh4 Bxg5 24. Nxg5 Bg6 25. Rxf7 Qc4 26. Qxc4 bxc4 27. Rc7
Rdc8 28. Rd7 Rd8 29. Rc7 Rdc8 30. Rd7 Rd8 31. Rc7 Rdc8 {Game drawn by
repetition} 1/2-1/2

[Event "Team 45 45 League T63"]
[Site "Internet Chess Club"]
[Date "2014.12.28"]
[Round "5"]
[White "hondocando"]
[Black "Frankly"]
[Result "0-1"]
[WhiteElo "1618"]
[BlackElo "1786"]
[Opening "Vienna: Paulsen-Mieses variation"]
[ECO "C26"]
[Time "15:01:49"]
[TimeControl "2700+45"]

1. e4 e5 2. Nc3 Nf6 3. g3 d5 4. exd5 Nxd5 5. Bg2 Nxc3 6. bxc3 Bd6 7. Nf3 Nc6 8.
O-O O-O 9. d3 Bg4 10. h3 Bh5 11. Rb1 Rb8 12. g4 Bg6 13. Ng5 Be7 14. Ne4 f5 15.
gxf5 Bxf5 16. Ng3 Be6 17. c4 Qd7 18. Kh2 b6 19. Bb2 Nd4 20. Bxd4 exd4 21. Qe2
Bd6 22. Rbe1 Rbe8 23. Qd1 Kh8 24. Re4 Rf6 25. f4 c5 26. Qe2 Ref8 27. Re1 Bf7 28.
Rf1 Bg6 29. f5 Bxf5 30. Rh4 Bxg3+ 31. Kxg3 Qd6+ 32. Rhf4 g5 33. Bf3 gxf4+ 34.
Kh2 Rh6 {White resigns} 0-1